 Dungeon Crawl Stone Soup version 0.25-a0-316-gd28d56f9c5 (webtiles) character file.

Game seed: 5648100963309706102, levelgen mode: deterministic

1405 Glalom the Infuser (level 8, -2/60 HPs)
             Began as a Merfolk Skald on Dec 24, 2019.
             Slain by a wight
             ... wielding a cursed +3 flail
              (8 damage)
             ... on level 6 of the Dungeon.
             The game lasted 00:24:56 (8145 turns).

Glalom the Infuser (Merfolk Skald)                  Turns: 8145, Time: 00:24:57

Health: -2/60      AC:  4    Str: 11    XL:     8   Next: 70%
Magic:  5/12       EV: 12    Int: 14    God:
Gold:   376        SH:  0    Dex: 14    Spells: 7/13 levels left

rFire    . . .     SeeInvis .   t - +0 halberd
rCold    . . .     Gourm    .   (shield currently unavailable)
rNeg     . . .     Faith    .   b - +0 leather armour
rPois    .         Spirit   .   (no helmet)
rElec    .         Reflect  .   (no cloak)
rCorr    .         Harm     .   (no gloves)
MR       .....                  x - +0 pair of boots
Stlth    +.........             (no amulet)
HPRegen  0.20/turn              (no ring)
MPRegen  0.13/turn              (no ring)

@: shrouded, lightly drained
A: change form in water, swift swim, stealthy swim
a: no special abilities


You were on level 6 of the Dungeon.
You were not hungry.

You visited 1 branch of the dungeon, and saw 6 of its levels.

You collected 376 gold pieces.

Inventory:

Hand Weapons
 a - a +1 spear
 s - a +0 trident
 t - a +0 halberd (weapon)
Armour
 b - a +0 leather armour (worn)
 x - a +0 pair of boots (worn)
Jewellery
 k - an uncursed ring of fire
 p - an uncursed amulet of guardian spirit {unknown}
 q - an uncursed ring of protection from magic {unknown}
Wands
 n - a wand of acid (8)
Scrolls
 c - 4 scrolls of identify
 e - 5 scrolls of teleportation
 h - a scroll of noise {unknown}
 j - a scroll of random uselessness {unknown}
 l - 3 scrolls of remove curse
 u - a scroll of holy word {unknown}
 v - a scroll of immolation {unknown}
Potions
 f - 2 potions of lignification {unknown}
 g - 3 potions of berserk rage {unknown}
 i - a potion of haste {unknown}
 m - a potion of resistance {unknown}
 o - a potion of curing {unknown}
 r - 2 potions of flight {unknown}
Comestibles
 d - 5 rations
 w - 3 chunks of flesh


   Skills:
 + Level 3.9(3.5) Fighting
 - Level 6.8(6.4) Polearms
 - Level 2.0(1.6) Armour
 - Level 2.6(2.3) Dodging
 + Level 3.3(2.9) Spellcasting
 - Level 3.1(2.7) Hexes
 - Level 8.0(7.6) Charms
 - Level 2.0(1.6) Translocations


You had 7 spell levels left.
You knew the following spells:

 Your Spells              Type           Power        Failure   Level  Hunger
a - Infusion              Chrm           ###.         1%          1    #......
b - Shroud of Golubria    Chrm/Tloc      ###...       6%          2    ##.....
c - Spectral Weapon       Hex/Chrm       ###.....     11%         3    ###....

Your spell library contained the following spells:

 Spells                   Type           Power        Failure   Level  Hunger
 Song of Slaying          Chrm           ###.....     1%          2    ##.....
 Regeneration             Chrm/Necr      ##........   19%         3    ###....


Dungeon Overview and Level Annotations

Branches:
Dungeon (6/15)
 Temple: D:4-7

Altars:
Nemelex Xobeh
Vehumet
Wu Jian

Annotations:
D:5 Sigmund


Message History

Aim: a bullfrog (almost dead)
You hit the bullfrog.
You kill the bullfrog!
Attack whom?
Press: ? - help, Dir - move target cursor, f - wight
Aim: a wight, wielding a +3 flail and wearing a +0 robe You hit the wight but do no damage.
Your spectral weapon completely misses the wight.
The wight completely misses you.
Casting: Spectral Weapon (safe; 11% risk of failure)
Confirm with . or Enter, or press ? or * to list all spells.
Space distorts slightly along a thin shroud covering your body.
The wight hits you with a cursed +3 flail!
* * * LOW HITPOINT WARNING * * *
Your shroud falls apart!
Casting: Shroud of Golubria (safe; 6% risk of failure)
Confirm with . or Enter, or press ? or * to list all spells.
Space distorts slightly along a thin shroud covering your body.
The wight hits you with a cursed +3 flail!
You die...

## # #######.... #########8
#.##....$#.... #.....##..
#.#.........# #.....#8..
##..........# #.....'...
............#
#######.....#8..
#.........###...........##..
#.........##..#####......##8
#.........#@.## #......###
##........z(## #......###
#......?..### #.........
#.........# #########.
#....<....# ## #.........#
#.........# ##.......##
##.....##


You could see a wight and a friendly spectral +0 halberd.

Vanquished Creatures
  A hippogriff (D:5)
  A sky beast (D:5)
  An ice beast (D:6)
  An ogre (D:5)
  A phantom (D:5)
  A bullfrog (D:6)
  4 crimson imps
  A hound (D:6)
  2 orc priests (D:3)
  A worker ant (D:6)
  4 iguanas
  3 orc wizards (D:5)
  A hound zombie (D:5)
  2 worker ant zombies (D:5)
  11 gnolls
  7 adders
  2 shadow imps
  An adder skeleton (D:5)
  2 worms
  6 dart slugs
  5 leopard geckos
  21 orcs
  5 ball pythons (D:3)
  16 giant cockroaches
  5 goblins
  6 hobgoblins
  10 jackals
  4 kobolds
  A quokka (D:4)
  13 bats
  3 frilled lizards
  6 rats
148 creatures vanquished.

Vanquished Creatures (others)
  3 spectral weapons
3 creatures vanquished.

Grand Total: 151 creatures vanquished

Notes
Turn   | Place    | Note
-------+----------+-------------------------------------------
     0 | D:1      | Glalom the Merfolk Skald began the quest for the Orb.
     0 | D:1      | Reached XP level 1. HP: 16/16 MP: 3/3
   281 | D:1      | Reached XP level 2. HP: 22/22 MP: 0/5
   556 | D:1      | Reached skill level 4 in Charms
  1150 | D:2      | Reached XP level 3. HP: 27/27 MP: 0/6
  1206 | D:2      | Learned a level 2 spell: Shroud of Golubria
  1217 | D:2      | You fall into a shaft and drop 1 floor!
  1476 | D:3      | Reached skill level 5 in Charms
  1762 | D:3      | Reached XP level 4. HP: 28/33 MP: 2/7
  2420 | D:2      | Reached skill level 6 in Charms
  2438 | D:2      | Reached XP level 5. HP: 38/38 MP: 1/8
  2722 | D:2      | Found an ornate altar of the Wu Jian Council.
  2740 | D:2      | Found a radiant altar of Vehumet.
  2764 | D:2      | Reached skill level 1 in Armour
  3042 | D:3      | Reached skill level 1 in Translocations
  3537 | D:3      | Found a faded altar of an unknown god.
  3871 | D:3      | Reached XP level 6. HP: 44/44 MP: 5/9
  3964 | D:3      | Learned a level 3 spell: Spectral Weapon
  4966 | D:4      | Reached skill level 1 in Hexes
  5313 | D:5      | Entered Level 5 of the Dungeon
  5548 | D:5      | Noticed a hippogriff
  5818 | D:5      | Noticed a phantom
  5847 | D:5      | Killed a phantom
  5893 | D:5      | Reached skill level 5 in Polearms
  5893 | D:5      | Reached XP level 7. HP: 25/50 MP: 0/10
  6380 | D:5      | Killed a hippogriff
  6527 | D:5      | Reached skill level 7 in Charms
  6527 | D:5      | Reached XP level 8. HP: 37/56 MP: 3/11
  7163 | D:5      | Found a sparkling altar of Nemelex Xobeh.
  7264 | D:5      | Reached skill level 8 in Charms
  7278 | D:5      | Noticed Sigmund
  8145 | D:6      | Slain by a wight

Levels and vault maps discovered:
D:1:      lightli_iron_boxes, layout_loops_ring
D:2:      minmay_roachtagon, layout_basic, amethyst_overflow_temple_binary
D:3:      layout_loops_ring, chequers_ecumenical_altar_simple_redux,
          first_ration, saegor_snake_ambush
D:4:      layout_gridville
D:5:      layout_cave_pools, nemelex_diamond_rough_becter, uniq_sigmund
D:6:      layout_rooms, kennysheep_minor_cross, dk_noncrumbling_4

Skill      XL: |  1  2  3  4  5  6  7  8 |
---------------+-------------------------+-----
Charms         | 4 5 6 7 8 |  8.0
Armour         | 1 2 |  2.0
Translocations | 1 2 |  2.0
Hexes          | 2 3 |  3.1
Polearms       | 5 6 |  6.8
Fighting       | 3 |  3.9
Spellcasting   | 3 |  3.3
Dodging        | |  2.6

Action                   |  1- 3 |  4- 6 |  7- 9 || total
-------------------------+-------+-------+-------++-------
Melee: Spear             |   102 |   298 |   108 ||   508
       Halberd           |       |       |    71 ||    71
 Cast: Infusion          |    20 |    24 |    11 ||    55
       Shroud of Golubri |       |     8 |     9 ||    17
       Spectral Weapon   |       |     8 |    15 ||    23
  Use: Scroll            |     3 |     3 |       ||     6
 Stab: Sleeping          |     1 |     1 |       ||     2
       Distracted        |       |       |     2 ||     2
  Eat: Chunk             |     3 |    15 |     8 ||    26
       Ration            |       |       |     1 ||     1
Armor: Leather armour    |    22 |    51 |    23 ||    96
Dodge: Dodged            |    67 |   144 |    59 ||   270

Table legend:
 A = Non-vault XP
 B = Vault XP
 C = Vault XP percentage of total XP
 D = Non-vault monster count
 E = Vault monster count
 F = Vault count percentage of total count
                 A         B        C        D         E       F
            +---------+---------+-------+---------+---------+-------
      Total |    1977 |      31 |   1.5 |     131 |      17 |  11.5
            +---------+---------+-------+---------+---------+-------
        D:1 |      21 |       0 |   0.0 |      11 |       0 |   0.0
        D:2 |      87 |      24 |  21.6 |      27 |      12 |  30.8
        D:3 |     219 |       7 |   3.1 |      33 |       5 |  13.2
        D:4 |     108 |       0 |   0.0 |      16 |       0 |   0.0
        D:5 |    1089 |       0 |   0.0 |      29 |       0 |   0.0
        D:6 |     453 |       0 |   0.0 |      15 |       0 |   0.0
            +---------+---------+-------+---------+---------+-------
